 Dungeon Crawl Stone Soup version 0.28.0-43-g3370ac3207 (webtiles) character file.

Game seed: 9945582013602065166

35 sking99 the Sneak (level 3, 20/20 HPs)
             Began as a Kobold Enchanter on Mar 17, 2022.
             Quit the game on level 1 of the Dungeon.
             The game lasted 00:02:31 (1137 turns).

sking99 the Sneak (Kobold Enchanter)                Turns: 1137, Time: 00:02:32

Health: 20/20      AC:  3    Str:  5    XL:     3   Next: 52%
Magic:  6/6        EV: 15    Int: 16    God:
Gold:   38         SH:  0    Dex: 17    Spells: 4/6 levels left

rFire   . . .      SeeInvis .   a - +1 dagger
rCold   . . .      Faith    .   (no shield)
rNeg    . . .      Spirit   .   b - +0 robe
rPois   .          Reflect  .   (no helmet)
rElec   .          Harm     .   (no cloak)
rCorr   .          Rampage  .   (no gloves)
Will    .....                   i - +0 pair of boots
Stlth   ++++......              (no amulet)
HPRegen 0.06/turn               (no ring)
MPRegen 0.10/turn               (no ring)

@: no status effects
A: small, no large weapons, nightstalker 3
a: no special abilities


You were on level 1 of the Dungeon.
You visited 1 branch of the dungeon, and saw 1 of its levels.

You collected 38 gold pieces.

Inventory:

Hand Weapons
 a - a +1 dagger (weapon)
Armour
 b - a +0 robe (worn)
 d - a +0 kite shield
 h - a scarf of harm
 i - a +0 pair of boots (worn)
Jewellery
 j - a ring of magical power
Scrolls
 e - a scroll of teleportation {unknown}
 g - a scroll of identify {unknown}
Potions
 c - a potion of invisibility
 f - a potion of attraction {unknown}


   Skills:
 + Level 0.7 Fighting
 * Level 2.6 Short Blades
 - Level 2.4 Dodging
 + Level 4.5 Stealth
 + Level 2.4 Spellcasting
 + Level 3.2 Hexes
 + Level 0.2 Ice Magic


You had 4 spell levels left.
You knew the following spells:

 Your Spells              Type           Power      Damage    Failure   Level
a - Ensorcelled Hibernat  Hex/Ice        14%        N/A       14%         2

Your spell library contained the following spells:

 Spells                   Type           Power      Damage    Failure   Level
 Confusing Touch          Hex            12%        N/A       16%         3
 Tukima's Dance           Hex            12%        N/A       16%         3
 Freeze                   Ice            8%         1d3       19%         1
 Dazzling Flash           Conj/Hex       14%        N/A       30%         3
 Frozen Ramparts          Ice            4%         1d2       47%         3
 Hailstorm                Conj/Ice       2%         3d3       88%         4


Dungeon Overview and Level Annotations

Branches:
Dungeon (1/15)

Altars:


Innate Abilities, Weirdness & Mutations

You are small and have problems with some larger weapons.
You are completely attuned to the shadows.


Message History

You hit the giant cockroach.
You kill the giant cockroach!
You start resting.
Magic restored.
You start resting.
HP restored.
You see here a +0 dagger.
Found a stone staircase leading down.
There is a stone staircase leading down here.
A rat comes into view.
The helpless rat fails to defend itself.
You impale the rat!!
You kill the rat!
A goblin comes into view. It is wielding a +0 club.
A goblin is nearby!
The helpless goblin fails to defend itself.
You impale the goblin!!
You kill the goblin!
There is a stone staircase leading down here.
You pick up a book of Frost and begin reading...
You add the spells Freeze, Frozen Ramparts and Hailstorm to your library.
Found a pair of boots.
You see here a +0 pair of boots.
i - a +0 pair of boots You start putting on your armour.
You continue putting on your +0 pair of boots. x4
You finish putting on your +0 pair of boots.
A quokka comes into view.
The helpless quokka fails to defend itself.
You impale the quokka!!
You kill the quokka!
A hobgoblin comes into view.
The helpless hobgoblin fails to defend itself.
You impale the hobgoblin!!
You kill the hobgoblin!
j - a ring of magical power Done exploring.
Done exploring.
There is a stone staircase leading down here.
Are you sure you want to abandon this character and quit the game? (Confirm with "yes".)

#.# ###.# #.# #.# #.####### #.#
#.(.....# #.# #######.#
#.############# #.#
#.##..........# #.#
#.##.########.# #.# #.##.#### #.#
##########.#####@##....# #.#
.................#...#.### #.#
##########...........#...###.####
#########...###.).......
#...#...######## ###.#.### #...#
##################.##
#................#.#


There were no monsters in sight!

Vanquished Creatures
  A dart slug (D:1)
  A ball python (D:1)
  An endoplasm (D:1)
  A giant cockroach (D:1)
  4 goblins (D:1)
  3 hobgoblins (D:1)
  3 jackals (D:1)
  3 quokkas (D:1)
  6 bats (D:1)
  2 kobolds (D:1)
  3 rats (D:1)
28 creatures vanquished.

Notes
Turn   | Place    | Note
-------+----------+-------------------------------------------
     0 | D:1      | sking99 the Kobold Enchanter began the quest for the Orb.
     0 | D:1      | Reached XP level 1. HP: 10/10 MP: 3/3
    89 | D:1      | Reached XP level 2. HP: 15/16 MP: 5/5
   346 | D:1      | Learned a level 2 spell: Ensorcelled Hibernation
   596 | D:1      | Reached XP level 3. HP: 20/20 MP: 6/6
  1137 | D:1      | Quit the game

Illustrated notes

Levels and vault maps discovered:
D:1:      nzn_arrival_depleted_hourglass, layout_loops_ring

Skill      XL: |  1  2 |
---------------+-------+-----
Short Blades   | 2 |  2.6
Fighting       | |  0.7
Dodging        | |  2.4
Stealth        | |  4.5
Spellcasting   | |  2.4
Hexes          | |  3.2
Ice Magic      | |  0.2

Action                   || total
-------------------------++-------
Melee: Dagger            ||    67
 Cast: Ensorcelled Hiber ||     4
 Stab: Sleeping          ||    21
Armor: Robe              ||    22
Dodge: Dodged            ||    63
